[Event "*** Titled Tuesday Blitz"]
[Site "Chess.com"]
[Date "2020.12.01"]
[Round "8"]
[White "Chamal_Gedgafov"]
[Black "kidagent"]
[Result "0-1"]
[WhiteElo "2160"]
[BlackElo "2296"]
[TimeControl "180+1"]
[EndTime "11:27:48 PST"]
[Termination "kidagent won on time"]

1. d4 d5 2. c4 e6 3. Nc3 Nf6 4. cxd5 exd5 5. Bg5 Be7 6. e3 c6 7. Bd3 Nbd7 8. Qc2 h6 9. Bh4 O-O 10. Nf3 b5 11. O-O a5 12. Ne2 Bb7 13. Rac1 Rc8 14. Bf5 Ne4 15. Bxe7 Qxe7 16. Ng3 Nd6 17. Bxd7 Qxd7 18.
Ne5 Qe8 19. Nf5 Nxf5 20. Qxf5 Qe6 21. Qf4 Rfe8 22. Nd3 Qe4 23. Qxe4 dxe4 24. Nc5 Ba8 25. a4 f5 26. axb5 cxb5 27. Nd7 Bb7 28. Nc5 Bd5 29. Rc2 Rc6 30. Rfc1 Rec8 31. Kf1 Kf7 32. Ke1 b4 33. Ra1 Ra8 34. Kd2 g5 35. Nd7 Rxc2+ 36. Kxc2 Ra6 37.
Nc5 Ra7 38. b3 f4 39. Kb2 Ke7 40. Rc1 Kd6 41. Re1 fxe3 42. fxe3 Rf7 43. Re2 Kc6 44.
Rc2 Kb5 45. Na4 Bb7 46. Rc5+ Ka6 47. Rc2 Ba8 48. Nc5+ Kb5 49. Na4 Rf6 50. h3 Rc6 51. Rf2 Rd6 52. Rf5+ Ka6 53. Nc5+ Kb6 54. Rf8 Bd5 55.
Rf5 Bc6 56. Kc2 Bb5 57. Kd2 Bd7 58. Rf7 Bc6 59. Rf8 a4 0-1

[Event "*** Titled Tuesday Blitz"]
[Site "Chess.com"]
[Date "2020.12.01"]
[Round "8"]
[White "Piotrek1979"]
[Black "Natalya_Buksa"]
[Result "1-0"]
[WhiteElo "2502"]
[BlackElo "2571"]
[TimeControl "180+1"]
[EndTime "11:27:52 PST"]
[Termination "Piotrek1979 won by resignation"]

1. e4 c5 2. Nf3 Nc6 3. Bb5 g6 4. O-O Bg7 5. Re1 e5 6. c3 Nge7 7. a4 O-O 8. d3 d6 9. Bg5 f6 10. Bh4 Be6 11. Na3 d5 12. exd5 Bxd5 13. Bc4 Kh8 14. Qe2 Qd7 15. Rad1 Rae8 16. Nd2 Nf5 17. Bg3 Nxg3 18. hxg3 f5 19. Nb5 a6 20. Bxd5 axb5 21. Bxc6 bxc6 22. a5 Qf7 23. Ra1 Ra8 24. Nf3 Rfe8 25.
Qe3 Qd5 26. c4 bxc4 27. dxc4 Qxc4 28. Rec1 Qb4 29. Qxc5 Qxc5 30. Rxc5 e4 31. Nd2 Bxb2 32.
Ra2 Bd4 33. Rxc6 e3 34. fxe3 Rxe3 35. Kh2 g5 36. Nf3 Be5 37. Nxe5 Rxe5 38. a6 Re7 39.
Rb6 Kg7 40. Rb7 Kf7 41. Rxe7+ Kxe7 42. a7 Kd7 43. Ra5 Ke6 44. g4 fxg4 45. Kg3 h5 46.
Kf2 Kf6 47. Ke3 Kg6 48. Ke4 Kf6 49. Ra6+ Kf7 50. Kf5 h4 51. Kxg4 h3 52. gxh3 Ke7 53. Kxg5 Kd7 54. Kg6 Kc7 55. Kg7 Kb7 56. Ra2 Kb6 57.
h4 Kb7 58. h5 Kc7 59. h6 Kb7 60. h7 Rc8 61. a8=Q+ 1-0

[Event "*** Titled Tuesday Blitz"]
[Site "Chess.com"]
[Date "2020.12.01"]
[Round "8"]
[White "ViktoriyaTarasova"]
[Black "Road2GM3000"]
[Result "1-0"]
[WhiteElo "2284"]
[BlackElo "2127"]
[TimeControl "180+1"]
[EndTime "11:27:52 PST"]
[Termination "ViktoriyaTarasova won on time"]

1. d4 d5 2. c4 e6 3. Nc3 Nf6 4.
cxd5 exd5 5. Bg5 c6 6. Qc2 Be7 7.
e3 O-O 8. Bd3 Nbd7 9. Nf3 Re8 10.
O-O Nf8 11. Rab1 Bg4 12. Ne5 Bh5 13. b4 a6 14. a4 Ne6 15. Bh4 Bg6 16. f4 Nd7 17.
Bxe7 Qxe7 18. f5 Nxe5 19. dxe5 Nf8 20. fxg6 Nxg6 21. Bxg6 hxg6 22. Qd3 Qxe5 23. Rbe1 Re6 24. b5 axb5 25. axb5 Ra3 26. Rc1 Qxe3+ 27. Qxe3 Rxe3 28.
bxc6 bxc6 29. Nb1 Ra6 30. Nd2 Kf8 31. Nb3 Rxb3 32. Rf2 f5 33. Re2 Rb4 34. Re6 Rc4 35. Rb1 Kf7 36. Rd6 Ra7 37. h3 Re7 38. Rb8 d4 39.
Rdd8 c5 40. Rf8+ Ke6 41. Rb6+ Kd5 42. Rxg6 Ke4 43. Rg5 Re5 44. Rxg7 d3 45. Rd8 Ke3 46. Rg3+ Ke2 47. Rdxd3 Rc1+ 48. Kh2 c4 49. Ra3 f4 50. Rgf3 Re4 51. Ra2+ Ke1 52. Kg1 Kd1 53. h4 c3 54. Rd3+ Ke1 55. h5 c2 56. Kh2 Re5 57. Kh3 Ke2 58. Rc3 Kd2 59. Rc8 Rxh5+ 60. Kg4 Rd5 61.
Kxf4 Rd4+ 62. Kg3 Kd1 63. Kf2 Rd2+ 64. Kf1 Rb1 65. g4 1-0

[Event "*** Titled Tuesday Blitz"]
[Site "Chess.com"]
[Date "2020.12.01"]
[Round "8"]
[White "kagg1125"]
[Black "Stosk"]
[Result "1/2-1/2"]
[WhiteElo "2541"]
[BlackElo "2403"]
[TimeControl "180+1"]
[EndTime "11:27:56 PST"]
[Termination "Game drawn - insufficient material"]

1. e4 e5 2. Nf3 Nf6 3. d4 exd4 4.
e5 Ne4 5. Qxd4 d5 6. exd6 Nxd6 7. Nc3 Nc6 8. Qf4 Nf5 9. Bd3 Bd6 10. Qe4+ Be6 11.
Bg5 Qd7 12. O-O-O h6 13. Bf4 O-O-O 14. Bxd6 Nxd6 15. Qa4 Kb8 16. Rhe1 Rhe8 17. Kb1 Bf5 18. Bxf5 Qxf5 19. a3 Rxe1 20. Rxe1 Qc5 21. Qh4 a6 22. Ne5 f6 23. Nxc6+ Qxc6 24. Qg3 g5 25. Re6 Re8 26.
Rxe8+ Qxe8 27. Qf3 Qe1+ 28. Ka2 f5 29. Qe2 Qg1 30.
g3 Qxh2 31. Nd5 Qg2 32. c4 Qe4 33. Qxe4 Nxe4 34. Ne3 f4 35. gxf4 gxf4 36. Nf5 h5 37.
f3 Nd2 38. Nh4 Nxc4 39. Kb3 Ne3 40. Kc3 c5 41. Kd3 b5 42. Ke4 Nd1 43. b3 c4 44.
bxc4 bxc4 45. Ng2 Ne3 46. Nxf4 Nf1 47. Kd4 h4 48. Nh3 Kc7 49. f4 Nd2 50. Kc3 Ne4+ 51.
Kxc4 Kc6 52. Kd4 Nf6 53. Ke5 Ng4+ 54. Ke4 Nf6+ 55. Kf5 Nd5 56. Ke5 Ne3 57. Nf2 Kd7 58.
Kd4 Nf5+ 59. Kd5 Ke7 60. Ke5 Ne3 61. f5 Nc4+ 62. Kf4 Nxa3 63. Kg4 Nc4 64. Kxh4 Kf6 65. Kg4 Ne3+ 66. Kf4 Nxf5 67. Ne4+ Kg6 68. Nc5 a5 69. Kf3 Nd4+ 70. Ke4 Nc6 71. Kd5 Nb4+ 72. Kc4 Nc6 73. Kb5 Nd4+ 74. Kxa5 1/2-1/2

[Event "*** Titled Tuesday Blitz"]
[Site "Chess.com"]
[Date "2020.12.01"]
[Round "8"]
[White "CheckThis4"]
[Black "bascheyaro"]
[Result "0-1"]
[WhiteElo "2548"]
[BlackElo "2736"]
[TimeControl "180+1"]
[EndTime "11:27:57 PST"]
[Termination "bascheyaro won on time"]

1. d4 d5 2. c4 c6 3. Nc3 Nf6 4.
Nf3 a6 5. e3 g6 6. Be2 Bg7 7. O-O O-O 8. Bd2 Bg4 9. b3 e6 10. Rc1 Nbd7 11. h3 Bxf3 12. Bxf3 Re8 13. Qc2 dxc4 14. bxc4 e5 15. Rb1 exd4 16. exd4 Qc7 17.
g3 Nf8 18. Bf4 Qd7 19. d5 Qxh3 20. dxc6 bxc6 21. Ne4 Rxe4 22. Bxe4 Ng4 23. Rfe1 Qh2+ 24. Kf1 Ne6 25. Be3 Nd4 26. Bxd4 Bxd4 27. Re2 Rd8 28. Bf3 Bxf2 29. Rxf2 Ne3+ 30. Ke2 Qxf2+ 31. Kxf2 Nxc2 32. Rb6 Rd2+ 33. Kg1 Nd4 34. Bxc6 Nxc6 35. Rxc6 Rxa2 36. c5 Rc2 37. g4 h6 38. Kf1 Kg7 39. Ke1 a5 40. Kd1 Rc4 41. Kd2 Rxg4 42. Kd3 Rg5 43. Kd4 h5 44. Ra6 a4 45. c6 Rg1 46. Ra5 Rd1+ 47.
Ke5 Rc1 48. Kd6 h4 49. Rc5 Rxc5 50. Kxc5 a3 51. c7 a2 52. c8=Q a1=Q 53. Qh3 Qf6 54. Kd5 Qf5+ 55. Qxf5 gxf5 56. Ke5 h3 57. Kf4 h2 58.
Kg3 h1=Q 59. Kf2 Qh3 60. Kg1 f4 61. Kf2 Qg3+ 62. Kf1 Qh2 63. Ke1 f3 64. Kd1 Qe2+ 65. Kc1 f2 0-1

[Event "*** Titled Tuesday Blitz"]
[Site "Chess.com"]
[Date "2020.12.01"]
[Round "8"]
[White "anpospan"]
[Black "Kovalchuk94"]
[Result "0-1"]
[WhiteElo "2411"]
[BlackElo "2562"]
[TimeControl "180+1"]
[EndTime "11:27:58 PST"]
[Termination "Kovalchuk94 won on time"]

1. d4 d5 2. c4 e6 3. Nc3 Nf6 4. cxd5 exd5 5. Bg5 c6 6. e3 Be7 7. Bd3 Nbd7 8. Qc2 h6 9. Bh4 O-O 10. Nge2 a5 11. O-O Re8 12. f3 b5 13. b3 Nb6 14.
Bf2 a4 15. bxa4 b4 16. Nd1 Bd7 17. Nb2 Qb8 18. h3 c5 19. dxc5 Nxa4 20. c6 Bxc6 21. Qxc6 Nxb2 22. Qb5 Qxb5 23. Bxb5 Reb8 24. Bc6 Ra6 25.
Nd4 Bc5 26. Bb5 Rab6 27. Be2 Bxd4 28. exd4 Na4 29. Rfc1 Nc3 30. Bf1 Re8 31. Kh2 Ne2 32. Re1 Rbe6 33. Rab1 Nc3 34. Rxe6 Rxe6 35. Rxb4 Nxa2 36.
Rb8+ Re8 37. Rxe8+ Nxe8 38. Bb5 Nd6 39. Bd3 Nb4 40.
Bb1 Nc4 41. Kg3 Kf8 42. h4 Ke7 43. h5 Ke6 44. Kg4 Nd6 45. Kh4 Nf5+ 46. Kg4 Nd6 47.
Kh4 Nc6 48. g4 f5 49. g5 Nb5 50. gxh6 gxh6 51. Be3 Nbxd4 52. Bxh6 Nxf3+ 53. Kg3 Nfe5 54. Bf4 Nf7 55. h6 Nce5 56. h7 Ng6 57. Bd2 Nf8 58.
Kh4 Nxh7 59. Kh5 Nf6+ 60. Kg6 Ne4 61. Kg7 Ne5 0-1

[Event "*** Titled Tuesday Blitz"]
[Site "Chess.com"]
[Date "2020.12.01"]
[Round "8"]
[White "elamier"]
[Black "bratkoo"]
[Result "0-1"]
[WhiteElo "2305"]
[BlackElo "2525"]
[TimeControl "180+1"]
[EndTime "11:27:58 PST"]
[Termination "bratkoo won by resignation"]

1. d4 d5 2. Nf3 Nf6 3. e3 Bg4 4. c4 e6 5. Qb3 Nc6 6. Ne5 Nxe5 7. dxe5 Nd7 8. cxd5 exd5 9. Qxd5 c6 10. Qe4 Be6 11. Be2 Qa5+ 12. Nc3 Qxe5 13. O-O O-O-O 14. Qxe5 Nxe5 15.
b3 Bb4 16. Ne4 Bf5 17. Bf3 Nxf3+ 18. gxf3 Rhe8 19. Bb2 Bxe4 20. fxe4 Rxe4 21. Rfd1 Rg4+ 22. Kf1 Bd6 23. h3 Rg6 24. Rd3 Bh2 25. Rxd8+ Kxd8 26. Ke2 Ke7 27. Rd1 Bd6 28. Kf3 Rg5 29. Bd4 Ra5 30.
a4 f6 31. Rg1 Kf7 32. Rd1 Ke6 33. Rg1 Rf5+ 34. Ke2 g6 35. Bxa7 Rh5 36. Rh1 g5 37. f3 Rh4 38. Bd4 h5 39. Kf2 g4 40. fxg4 hxg4 41. Kg2 c5 42. Bc3 c4 43. b4 f5 44. hxg4 Rxh1 45. Kxh1 fxg4 46. Kg2 Kd5 47. b5 Ke4 48. Bd4 Bb4 49. Kg3 c3 50. Kxg4 c2 51. Bb2 Kxe3 52. Kf5 Kd3 53. Ke6 Kc4 54. Kd7 b6 55.
Kc6 Ba5 56. Kb7 Kb3 57. Bc1 Kxa4 58. Ka6 Kb4 59. Bd2+ Kc4 60. Bc1 Kb3 61. Kb7 Ka2 62. Kc6 Kb1 63. Be3 c1=Q+ 64. Bxc1 Kxc1 65. Kd5 Kc2 0-1

[Event "*** Titled Tuesday Blitz"]
[Site "Chess.com"]
[Date "2020.12.01"]
[Round "8"]
[White "Slovak_fighter2000"]
[Black "DenLaz"]
[Result "1/2-1/2"]
[WhiteElo "2571"]
[BlackElo "2799"]
[TimeControl "180+1"]
[EndTime "11:28:00 PST"]
[Termination "Game drawn by repetition"]

1. d4 d5 2. Nf3 Nf6 3. c4 e6 4. Nc3 a6 5. cxd5 exd5 6. Bg5 Be6 7. e3 Nbd7 8. Bd3 h6 9. Bh4 Bd6 10. Bg3 Qe7 11. O-O O-O 12. Rc1 c6 13. Bxd6 Qxd6 14. Nd2 Rfe8 15. Qf3 g6 16. Qg3 Qe7 17. Rce1 Kg7 18.
h3 Nh5 19. Qf3 f5 20. Qd1 Qd6 21. a3 Nhf6 22. b4 a5 23. Qb3 b5 24. Ra1 Nb6 25.
Rfc1 Nc4 26. Nf3 Ne4 27. Bxc4 bxc4 28. Qb2 Reb8 29. Nxe4 fxe4 30. Ne5 Rb5 31. Rab1 axb4 32. axb4 Ra4 33. Qd2 Raxb4 34. Ra1 Rb2 35. Ra7+ Kf6 36.
Qd1 h5 37. Qf1 Rb7 38. Rca1 Kg7 39. f3 Bf5 40. fxe4 Bxe4 41. Rxb7+ Rxb7 42. Ra2 c3 43. Kh2 c2 44. Qc1 Qf6 45. Rxc2 Bxc2 46. Qxc2 Re7 47. Qc5 Rb7 48. Qc3 Qf5 49. Qxc6 Re7 50. Qd6 Qe6 51.
Qb8 Qf6 52. Qb2 Re6 53. Qe2 Qe7 54. Qd3 Rf6 55. Qe2 Qe6 56. Qd3 Qf5 57. Qc3 Qe6 58.
Qc7+ Kh6 59. Qd8 Kg7 60. Qc7+ Kh6 61. Qc1 Kh7 62. Qc7+ Kh6 1/2-1/2

[Event "*** Titled Tuesday Blitz"]
[Site "Chess.com"]
[Date "2020.12.01"]
[Round "8"]
[White "Sergey85Rodchenkov"]
[Black "LuckSlayeer"]
[Result "1/2-1/2"]
[WhiteElo "2455"]
[BlackElo "2584"]
[TimeControl "180+1"]
[EndTime "11:28:00 PST"]
[Termination "Game drawn by repetition"]

1. e4 c5 2. Nf3 Nc6 3. d4 cxd4 4. Nxd4 e5 5. Nb3 Nf6 6. Nc3 Bb4 7. Bc4 O-O 8. O-O Bxc3 9. bxc3 Nxe4 10. Ba3 d6 11.
Qd3 Bf5 12. Rae1 Ne7 13. Rxe4 Bxe4 14. Qxe4 d5 15. Bxe7 dxe4 16. Bxd8 Rfxd8 17. Re1 Rac8 18. Rxe4 Rd1+ 19. Bf1 f6 20. c4 b6 21. g3 a5 22.
a4 Kf7 23. Kg2 Ke6 24. Be2 Rd6 25. Bd3 f5 26. Re1 Kf6 27. f3 Re8 28. c5 bxc5 29. Nxc5 Rc8 30. Nb3 Ra8 31. Nd2 Rd4 32. Nc4 Re8 33.
Nxa5 Rxa4 34. Nb3 e4 35. fxe4 fxe4 36. Bb5 Rea8 37. Bxa4 Rxa4 38. Re2 Ke5 39. Kf2 Rc4 40. Ke3 Rc3+ 41. Kd2 Rf3 42. Ke1 Rc3 43. Nd2 e3 44. Nb3 Ke4 45. Nc1 g5 46. Kd1 Ra3 47. Nb3 g4 48.
Re1 Ra8 49. Ke2 Rc8 50. Rc1 Rf8 51. Nc5+ Kd4 52. Nd3 Ke4 53. Nf4 Rc8 54. c4 Rd8 55. Rc2 Rc8 56. c5 Rc6 57. Nd3 h5 58. Nf4 h4 59. Nd3 hxg3 60. hxg3 Rh6 61. Nf4 Rh2+ 62. Kd1 Rh1+ 63. Ke2 Rh2+ 64. Kd1 Rh1+ 65. Ke2 Rh2+ 1/2-1/2

[Event "*** Titled Tuesday Blitz"]
[Site "Chess.com"]
[Date "2020.12.01"]
[Round "8"]
[White "MarceloPlaya"]
[Black "barriochess"]
[Result "1-0"]
[WhiteElo "2290"]
[BlackElo "2377"]
[TimeControl "180+1"]
[EndTime "11:28:00 PST"]
[Termination "MarceloPlaya won by resignation"]

1. e4 d6 2. d4 Nf6 3. Nc3 g6 4. Be3 c6 5. Qd2 Nbd7 6. O-O-O b5 7. f3 Bb7 8. Kb1 Qc7 9. h4 Nb6 10. g4 h5 11. g5 Nfd7 12. Bd3 Bg7 13. f4 b4 14.
Nce2 c5 15. dxc5 Nxc5 16. Bb5+ Kf8 17. Ng3 Nxe4 18. Nxe4 Bxe4 19. Rh2 Nc4 20. Bxc4 Qxc4 21. Bd4 Bxd4 22. Qxd4 Qxd4 23. Rxd4 d5 24. Rxb4 Kg7 25.
Ne2 e6 26. Nc3 Bf5 27. b3 Rhc8 28. Kb2 Rc5 29. Nd1 Rac8 30. Ne3 Be4 31. c4 dxc4 32. Nxc4 Bd3 33. Ne5 Bf5 34. Rb7 R8c7 35. Rxc7 Rxc7 36. b4 Rb7 37. a3 a5 38. Kb3 axb4 39. axb4 Be4 40. Kc3 Bd5 41. Rb2 Rc7+ 42. Kd4 Rc1 43. b5 Rf1 44. Nd3 Rh1 45. b6 Rxh4 46. b7 Bxb7 47. Rxb7 Rh1 48. Ne5 h4 49. Rxf7+ Kg8 50. Rf6 h3 51. Rxg6+ Kf8 52. Rh6 h2 53. Nd3 Kg7 54.
Ke3 e5 55. fxe5 Kf7 56. Nf2 Re1+ 57. Kf3 Rxe5 58. Ne4 Rf5+ 59. Kg2 Rf4 60. Rf6+ Rxf6 61. gxf6 h1=Q+ 62. Kxh1 Ke6 63. Kg2 1-0

[Event "*** Titled Tuesday Blitz"]
[Site "Chess.com"]
[Date "2020.12.01"]
[Round "8"]
[White "Rud_Makarian"]
[Black "2nd_life"]
[Result "0-1"]
[WhiteElo "2716"]
[BlackElo "2575"]
[TimeControl "180+1"]
[EndTime "11:28:01 PST"]
[Termination "2nd_life won by checkmate"]

1. d4 Nf6 2. c4 e6 3. Nf3 b6 4. g3 Ba6 5. Nbd2 Bb4 6. a3 Bxd2+ 7.
Nxd2 Bb7 8. f3 c5 9. dxc5 bxc5 10. b4 O-O 11. bxc5 Na6 12. Nb3 Nxc5 13. Nxc5 Qa5+ 14. Qd2 Qxc5 15. Qb4 Qe5 16. Bb2 Qe3 17. Bxf6 gxf6 18. Qd2 Qe5 19. Rb1 Bxf3 20. Rg1 Rab8 21. Rxb8 Rxb8 22. Kf2 Rb2 23. Qe3 Qxe3+ 24. Kxe3 Bc6 25.
Kd4 Ra2 26. Bg2 Bxg2 27. Rxg2 Rxa3 28. e4 Kf8 29. Rf2 Ke7 30. Kc5 Re3 31. Rf4 Rb3 32. Rh4 a5 33. Rxh7 Rb8 34. Rh3 a4 35. g4 Rb3 36. Rh8 a3 37. Ra8 Rh3 38. Kd4 Rxh2 39. Rxa3 Rg2 40. Ra7 Rxg4 41. Kd3 e5 42. Ra6 Rg3+ 43.
Kd2 d6 44. Ra7+ Ke6 45. Rb7 Rg4 46. Kd3 Rg3+ 47. Kd2 Rf3 48. Ke2 Rc3 49. Rc7 f5 50. exf5+ Kxf5 51. Rxf7+ Ke4 52. Rc7 d5 53. Rh7 Rxc4 54.
Rh5 Rc2+ 55. Kd1 Rg2 56. Rh3 d4 57. Rh4+ Kd3 58. Ke1 e4 59. Rh8 e3 60. Kf1 Rf2+ 61.
Ke1 Ra2 62. Kf1 Ra1+ 63. Kg2 e2 64. Rh3+ Kd2 65. Rh4 e1=Q 66. Rxd4+ Ke3 67. Rg4 Qh1+ 68. Kg3 Rg1# 0-1

[Event "*** Titled Tuesday Blitz"]
[Site "Chess.com"]
[Date "2020.12.01"]
[Round "8"]
[White "Klavdia_Nik"]
[Black "Ze-Pequeno"]
[Result "1-0"]
[WhiteElo "2069"]
[BlackElo "2160"]
[TimeControl "180+1"]
[EndTime "11:28:03 PST"]
[Termination "Klavdia_Nik won on time"]

1. Nf3 Nf6 2. c4 e6 3. b3 d5 4. Bb2 Be7 5. g3 O-O 6. Bg2 b6 7. O-O Bb7 8. d3 c5 9. Nbd2 Nc6 10.
a3 Re8 11. Qc2 Rc8 12. e4 dxe4 13. dxe4 Nd4 14. Nxd4 cxd4 15. Qd3 e5 16. b4 a5 17. Qb3 Qc7 18. Rfe1 Ra8 19. f3 Bc6 20. Bf1 Qd6 21.
b5 Bd7 22. a4 Qc7 23. Ba3 Be6 24. Bxe7 Qxe7 25. Qa3 Nd7 26. Qxe7 Rxe7 27. Nb3 Rc8 28. Rac1 Nc5 29. Nxc5 Rxc5 30. Rc2 Rec7 31. Rec1 f6 32. Bd3 Kf7 33. Kf2 Ke7 34. f4 Kd6 35. Kf3 Rc8 36. g4 exf4 37. Kxf4 Re5 38. Kf3 Rg5 39. h3 h5 40. Rg2 hxg4+ 41. hxg4 Rh8 42. Rg3 Rh4 43.
Rcg1 Rh2 44. R1g2 Rh1 45. Rg1 Rh2 46. R1g2 Rh4 47. Kf4 Rc5 48. Kf3 Bxc4 49. Ke2 Bxd3+ 50. Kxd3 Ke5 51. Kd2 Kxe4 52. g5 f5 53. Rd3 Rc4 54. Re2+ Kd5 55. g6 Rxa4 56. Ke1 Ra1+ 57. Rd1 1-0

[Event "*** Titled Tuesday Blitz"]
[Site "Chess.com"]
[Date "2020.12.01"]
[Round "8"]
[White "gmcorrales"]
[Black "dropstoneDP"]
[Result "0-1"]
[WhiteElo "2782"]
[BlackElo "2919"]
[TimeControl "180+1"]
[EndTime "11:28:05 PST"]
[Termination "dropstoneDP won by resignation"]

1. e4 e6 2. d4 d5 3. e5 c5 4.
c3 Nc6 5. Nf3 Bd7 6. Be2 f6 7.
O-O fxe5 8. Nxe5 Nxe5 9. dxe5 Ne7 10. Bf4 g6 11. Nd2 Bg7 12. Nf3 O-O 13. Qd2 Qb6 14. b3 Rf5 15. Bh6 Raf8 16. Bxg7 Kxg7 17. Rae1 h6 18. Bd3 R5f7 19. h3 Rxf3 20. gxf3 g5 21. h4 Rf4 22. hxg5 hxg5 23. Kg2 Bb5 24. Rh1 Bxd3 25. Qxd3 Ng6 26. Reg1 c4 27. Qd2 cxb3 28. axb3 Rf5 29. Kf1 Qb5+ 30. Ke1 Rxe5+ 31. Kd1 Qxb3+ 32. Kc1 Nf4 33. Re1 Rxe1+ 34. Rxe1 Kf7 35. Rh1 Qa3+ 36. Kb1 Qb3+ 37. Ka1 Qa4+ 38. Kb1 Qb5+ 39. Ka1 Qa4+ 40. Kb1 Kf6 41. Rh6+ Kf5 42. Rh7 Qb5+ 43. Ka2 Qc4+ 44. Kb2 Nd3+ 45. Kc2 Nb4+ 46. Kc1 Qf1+ 47. Kb2 Nd3+ 48.
Ka2 Qxf2 49. Qxf2 Nxf2 50. Rxb7 a5 51. Kb3 Nd3 52. Kc2 Ne5 53. Kd1 Nxf3 54. Ke2 Ne5 55.
Ke3 Nc4+ 56. Kd4 g4 57. Rf7+ Kg6 58. Re7 Kf6 59. Re8 Kf5 60. Rf8+ Kg5 61. Re8 g3 62. Rxe6 g2 63. Re1 Kf4 64. Kxd5 Ne3+ 65. Kd4 Nf1 66.
Re4+ Kf3 67. Ke5 g1=Q 68. Rf4+ Ke2 69. Re4+ Ne3 70. Kd4 Qg7+ 71. Kc5 Qxc3+ 0-1

[Event "*** Titled Tuesday Blitz"]
[Site "Chess.com"]
[Date "2020.12.01"]
[Round "8"]
[White "Legendinunknown"]
[Black "Andreikka"]
[Result "1/2-1/2"]
[WhiteElo "2672"]
[BlackElo "2864"]
[TimeControl "180+1"]
[EndTime "11:28:06 PST"]
[Termination "Game drawn by repetition"]

1. d4 Nf6 2. c4 e6 3. Nc3 Bb4 4. f3 d5 5. a3 Bxc3+ 6. bxc3 c5 7. cxd5 Nxd5 8. dxc5 Qa5 9. e4 Nf6 10. Ne2 O-O 11. Be3 Na6 12. Kf2 Nxc5 13. Ng3 Bd7 14. Bd4 Ba4 15. Qe1 Nb3 16. Rd1 Rfd8 17. Bc4 Nxd4 18.
Rxd4 Qc5 19. Qe3 Qxa3 20. h4 h6 21. h5 Bc6 22. Rh4 a5 23. e5 Nd5 24. Bxd5 Rxd5 25. Rhg4 Kf8 26. Ne4 Rxe5 27. Qd3 Qe7 28. Nd6 Kg8 29. Nc4 Rxh5 30. Nb6 Rf8 31. Nd7 Bxd7 32. Rxd7 Qc5+ 33. Ke2 Re5+ 34. Re4 Rxe4+ 35. fxe4 b5 36. Rb7 b4 37. cxb4 axb4 38. Rb5 Qg1 39. Kf3 f5 40. exf5 exf5 41. Rxb4 Qc5 42. Rc4 Qe7 43. Qd5+ Kh7 44. Rc3 Qf6 45. Re3 Qg5 46. Kf2 Qf4+ 47. Rf3 Qh4+ 48. Kf1 Qf6 49. Qd3 Qg6 50. Kf2 Rf6 51. Rf4 Qg5 52. Kf3 h5 53. Qd2 Kh6 54. Qd3 g6 55.
Qd8 Kg7 56. Qe7+ Kh6 57. Qd8 Kg7 58. Qe7+ Kg8 59. Qd8+ Kf7 60. Qd7+ Kf8 61. Qd8+ Kg7 1/2-1/2

[Event "*** Titled Tuesday Blitz"]
[Site "Chess.com"]
[Date "2020.12.01"]
[Round "8"]
[White "MFBerna"]
[Black "DarZay"]
[Result "1-0"]
[WhiteElo "2429"]
[BlackElo "2171"]
[TimeControl "180+1"]
[EndTime "11:28:06 PST"]
[Termination "MFBerna won on time"]

1. d4 d5 2. c4 e6 3. Nc3 Nf6 4. Bg5 Be7 5. cxd5 exd5 6. e3 h6 7. Bh4 O-O 8. Bd3 c6 9. Nge2 Nbd7 10. O-O Ne4 11. Bxe7 Qxe7 12. Qc2 f5 13. Rae1 Ndf6 14.
f3 Nd6 15. Ng3 g6 16. e4 dxe4 17. fxe4 fxe4 18. Ncxe4 Ndxe4 19. Nxe4 Nxe4 20. Bxe4 Rxf1+ 21. Rxf1 Qg7 22. Qb3+ Kh8 23. Rf7 Qxd4+ 24. Kh1 Be6 25. Rh7+ Kxh7 26. Qxb7+ Bf7 27. Qxf7+ Qg7 28. Bxg6+ Kh8 29.
Qe6 Rg8 30. Be4 Rf8 31. Bf3 Qf6 32. Qe3 Kg7 33. Qxa7+ Rf7 34. Qb8 Re7 35. Qg3+ Qg6 36. Qxg6+ Kxg6 37. Kg1 c5 38. Kf2 Kf5 39. a4 Ra7 40. b3 c4 41. bxc4 Rxa4 42. c5 Ra2+ 43. Kg3 Rc2 44. c6 Rc3 45. Kh4 Kg6 46. Kg4 Rc4+ 47.
Kg3 Kg5 48. Kf2 h5 49. Ke3 h4 50. Bd5 Rc5 51. Kd4 Rc1 52. Bc4 Rd1+ 53. Ke5 Rd8 54.
c7 Rc8 55. Kd6 Kf4 56. Be6 Rh8 57. c8=Q Rxc8 58. Bxc8 Ke3 59. Bh3 Kf2 60. Ke7 Kg1 61. Kf7 Kxh2 62. Kg7 Kg3 63. Kh6 Kf4 64. Kh5 Kg3 65.
Kg5 Kf2 66. Kxh4 1-0

[Event "*** Titled Tuesday Blitz"]
[Site "Chess.com"]
[Date "2020.12.01"]
[Round "8"]
[White "FontVella8"]
[Black "DrMamaliga"]
[Result "1/2-1/2"]
[WhiteElo "2488"]
[BlackElo "2351"]
[TimeControl "180+1"]
[EndTime "11:28:07 PST"]
[Termination "Game drawn by repetition"]

1. d4 Nf6 2. c4 c5 3. d5 e6 4. Nc3 exd5 5. cxd5 d6 6. e4 g6 7. Bd3 Bg7 8. Nge2 O-O 9. O-O Re8 10. Bf4 Na6 11. h3 Nc7 12. a4 Rb8 13. f3 a6 14. a5 b5 15. axb6 Rxb6 16. Na4 Rb4 17.
Qc2 Nh5 18. Bd2 Rb8 19. Bc3 Nb5 20. Bxg7 Kxg7 21. Nac3 Qf6 22. Nxb5 axb5 23. Qc3 Bd7 24. Ra7 Re7 25. g4 Qxc3 26. bxc3 Nf6 27. Rfa1 h5 28. Rc7 hxg4 29. hxg4 g5 30. Raa7 b4 31. cxb4 cxb4 32. Ng3 b3 33. Nf5+ Bxf5 34. Rxe7 Bg6 35. Rab7 Rxb7 36. Rxb7 b2 37. Rxb2 Nd7 38. Be2 Kf6 39.
Kf2 Ke5 40. Kg3 Nc5 41. Ra2 Nb3 42. Ra7 Nd4 43. Bd1 Nb5 44. Ra1 Kd4 45. Be2 Nc3 46. Bf1 Ke5 47. Rc1 Na4 48. Rc6 Nc5 49. Rc7 Nb3 50. Ra7 Nd4 51. Ra6 Nc2 52. Kf2 Nd4 53. Be2 Nb3 54. Ra8 Nc5 55. Re8+ Kf4 56. Rd8 Ke5 57. Re8+ Kf4 58. Rd8 Ke5 59. Ra8 Kf4 60. Rb8 Ke5 61. Rb6 Na4 62. Rb8 Kf4 63. Rd8 Ke5 64.
Rd7 Nc5 65. Ra7 Kf4 66. Bb5 Ke5 67. Be8 Kf6 68. Rc7 Nd3+ 69. Kg3 Ne5 70. Ra7 Nd3 71.
Rd7 Ne5 72. Ra7 Nc4 73. Rb7 Ne5 74. Ra7 1/2-1/2

[Event "*** Titled Tuesday Blitz"]
[Site "Chess.com"]
[Date "2020.12.01"]
[Round "8"]
[White "j_coca"]
[Black "KonstantinB_1983"]
[Result "1-0"]
[WhiteElo "2392"]
[BlackElo "2494"]
[TimeControl "180+1"]
[EndTime "11:28:08 PST"]
[Termination "j_coca won by resignation"]

1. f4 d6 2. Nf3 Bg4 3. e3 e5 4. Be2 exf4 5. exf4 Nf6 6. O-O Be7 7. Nc3 O-O 8. d3 Nc6 9. Ne4 d5 10. Nf2 Bf5 11. h3 h6 12. g4 Bh7 13. f5 Nd7 14. c3 Kh8 15. d4 Rb8 16. Nd3 Bd6 17. Bf4 Nf6 18. Nde5 Ne4 19. Bd3 f6 20. Nxc6 bxc6 21. Bc1 Qd7 22. Qc2 Rfe8 23. Re1 Ng3 24. Be3 c5 25.
dxc5 Rxe3 26. Rxe3 Bxc5 27. Nd4 Ne4 28. Bxe4 dxe4 29. Rd1 Bg8 30. Rxe4 Bd5 31. Re3 Ba8 32. b4 Bb6 33. Kh2 Qd6+ 34. Rg3 Qf4 35. Ne6 Qe5 36.
Qd2 h5 37. Nf4 Kh7 38. Nxh5 Bc6 39. Nf4 Qe4 40. Ng6 Re8 41. h4 Be3 42. Rxe3 Qxe3 43.
Qxe3 Rxe3 44. Rd8 Re8 45. Rxe8 Bxe8 46. Nf8+ Kg8 47. Ne6 c6 48. Nc7 Bd7 49. Kg3 Kf7 50. Kf4 Ke7 51. Na6 Kd6 52. Nc5 Bc8 53. c4 Kc7 54. a4 Kd6 55. Ne4+ Ke7 56. Ke3 Kd7 57.
Kd4 Kc7 58. Nc5 Bd7 59. Ne6+ Kd6 60. Nxg7 Ke7 61. Nh5 Kf7 62. Kc5 Bc8 63. Kxc6 Ke7 64.
Kc7 Bd7 65. b5 Be8 66. Nxf6 Bf7 67. c5 Kxf6 68. b6 axb6 69. cxb6 Bd5 70. b7 Bxb7 71. Kxb7 Ke5 72. a5 Kf4 73. f6 Kxg4 74. f7 Kxh4 75. f8=Q 1-0

[Event "*** Titled Tuesday Blitz"]
[Site "Chess.com"]
[Date "2020.12.01"]
[Round "8"]
[White "javirec"]
[Black "nonsopolo1"]
[Result "1-0"]
[WhiteElo "2369"]
[BlackElo "2203"]
[TimeControl "180+1"]
[EndTime "11:28:14 PST"]
[Termination "javirec won by resignation"]

1. e4 d5 2. exd5 Qxd5 3. Nf3 g6 4. d4 Bg7 5. Be2 Nh6 6. O-O O-O 7. c4 Qd8 8. Nc3 Nf5 9. d5 c6 10. Bf4 cxd5 11.
Nxd5 Na6 12. Rb1 e6 13. Nc3 Bd7 14. Ne5 Bc6 15. Nxc6 bxc6 16. Ne4 e5 17. Bg5 f6 18.
Bd2 Qe7 19. Qa4 Qb7 20. c5 Nc7 21. Bc4+ Nd5 22. Nc3 Rad8 23. Rfd1 Kh8 24. Be1 Nd4 25. Ne4 f5 26. Nd6 Qe7 27. Ba5 Rd7 28. Re1 e4 29. Rbd1 Ne6 30. Qxc6 Ndf4 31. Bxe6 Nxe6 32. Nxf5 Qxc5 33. Qxd7 Qxf5 34. Rf1 Nf4 35. Qxf5 gxf5 36. Rfe1 Bxb2 37. Bd2 Nd3 38. Re2 Bd4 39. Be3 Bxe3 40.
Rxe3 Rb8 41. f3 Ne5 42. fxe4 fxe4 43. Rxe4 Ng4 44. Rxg4 Rb7 45. Ra4 Kg7 46. h3 Kf6 47.
Rdd4 Re7 48. Kh2 Rb7 49. Rf4+ Kg6 50. Rfe4 h5 51. Reb4 Rc7 52. Rc4 Rd7 53. Rd4 Rc7 54.
Rac4 Rb7 55. a4 Rf7 56. h4 Re7 57. Kh3 Rb7 58. g3 Re7 59. Rc6+ Kf5 60. Rc5+ Kg6 61. Rd6+ Kg7 62. Rg5+ Kf7 63. Rxh5 Kg7 64. Rg5+ 1-0